 Dungeon Crawl Stone Soup version 0.22-a0-448-g1fb7470 (webtiles) character file.

573666 Firecrotchwizard the Slayer (level 25, -13/217 HPs)
             Began as a Demonspawn Gladiator on June 3, 2018.
             Was the Champion of Okawaru.
             Mangled by a quicksilver dragon (22 damage)
             ... on level 4 of the Realm of Zot on June 5, 2018.
             The game lasted 02:35:15 (60028 turns).

Firecrotchwizard the Slayer (Demonspawn Gladiator) Turns: 60028, Time: 02:35:15

Health: -13/217    AC: 16    Str: 22    XL:     25   Next: 72%
Magic:  29/29      EV: 20    Int: 10    God:    Okawaru [******]
Gold:   3874       SH: 25    Dex: 32    Spells: 24/24 levels left

rFire    + + .     SeeInvis +     - Unarmed
rCold    + + .     Gourm    .   t - +1 shield {AC+3}
rNeg     . . .     Faith    .   x - +1 gold dragon scales
rPois    +         Spirit   .   (helmet unavailable)
rElec    +         Reflect  +   K - +1 cloak of Starlight {rElec rC+ EV+4 Stlth--}
rCorr    .         Harm     .   X - +2 pair of gloves {Dex+3}
MR       +++..                  C - +2 pair of boots {run}
Stlth    ..........             y - brooch of Shielding {Reflect SH+8}
HPRegen  1.46/turn              M - ring of protection from magic {MR+, !d}
MPRegen  0.21/turn              W - ring "Cogeci" {MR+ Str+4 Slay+3 SInv}

@: about to teleport, corroded, constricted, quick
A: horns 3, thin skeletal structure 3, fire resistance 1, hurl damnation, foul
stench 2, powered by death 3, electricity resistance, rot immunity, flame cloud
immunity, MP-powered wands
}: 3/15 runes: serpentine, barnacled, silver
a: Hurl Damnation, Heroism, Finesse, Renounce Religion


You were on level 4 of the Realm of Zot.
You worshipped Okawaru.
Okawaru was exalted by your worship.
You were not hungry.

You visited 9 branches of the dungeon, and saw 46 of its levels.
You visited the Abyss 1 time.
You also visited: Sewer and Ice Cave.

You collected 6373 gold pieces.
You spent 2499 gold pieces at shops.

Inventory:

Missiles
 c - 19 throwing nets {=f, !d}
Armour
 t - a +1 shield of protection (worn)
   (You took it off a naga ritualist on level 3 of the Snake Pit)
 x - +1 gold dragon scales (worn)
   (You found it on level 1 of the Realm of Zot)
 C - a +2 pair of boots of running (worn)
   (Okawaru gifted it to you on level 4 of the Shoals)
 K - the +1 cloak of Starlight (worn) {rElec rC+ EV+4 Stlth--}
   (You found it on level 5 of the Lair of Beasts)

   It affects your evasion (+4).
   It protects you from cold.
   It insulates you from electricity.
   It makes you much less stealthy.
 X - a +2 pair of gloves of dexterity (worn)
   (You found it in an ice cave)
Jewellery
 w - an uncursed ring of flight {+Fly, !d}
   (You found it on level 2 of the Realm of Zot)
 y - the brooch of Shielding (around neck) {Reflect SH+8}
   (You found it on level 14 of the Dungeon)

   [amulet of reflection]

   It shields you and reflects attacks.
   It affects your SH (+8).
 E - an uncursed ring of protection from cold {rC+, !d}
   (You found it on level 4 of the Shoals)
 M - a ring of protection from magic (left hand) {MR+, !d}
   (You took it off an entropy weaver on level 5 of the Vaults)
 U - the ring of Yppydodu {rCorr Dex+2}
   (You took it off an ironbrand convoker on level 5 of the Vaults)

   [ring of resist corrosion]

   It affects your dexterity (+2).
 W - the ring "Cogeci" (right hand) {MR+ Str+4 Slay+3 SInv}
   (You bought it in a shop on level 4 of the Vaults)

   [ring of protection from magic]

   It affects your strength (+4).
   It affects your accuracy and damage with ranged weapons and melee attacks
   (+3).
   It affects your resistance to hostile enchantments.
   It lets you see invisible.
 Y - an uncursed ring of positive energy {rN+}
   (You found it in an ice cave)
Wands
 e - a wand of acid (45)
   (You found it on level 2 of the Lair of Beasts)
 h - a wand of scattershot (4)
   (You found it on level 2 of the Realm of Zot)
 S - a wand of clouds (19)
   (You found it on level 12 of the Dungeon)
 T - a wand of digging (22)
   (You found it in an ice cave)
Scrolls
 g - 13 scrolls of teleportation
 l - 13 scrolls of fog
 n - 6 scrolls of fear
 o - 7 scrolls of immolation {!r}
 v - 16 scrolls of remove curse
 z - 7 scrolls of magic mapping {!r}
 A - 6 scrolls of blinking {!r}
 O - a scroll of amnesia
 P - 9 scrolls of identify
 V - 2 scrolls of silence
Potions
 f - 3 potions of ambrosia
 i - 2 potions of berserk rage {!q}
 j - 5 potions of lignification {!q}
 k - 24 potions of curing
 m - 4 potions of haste
 q - 6 potions of mutation {!q}
 s - a potion of cancellation
 B - 6 potions of might
 D - 9 potions of flight
 F - 3 potions of resistance
 G - 2 potions of agility
 I - 8 potions of brilliance
 Q - 4 potions of magic
 Z - a potion of invisibility
Miscellaneous
 a - a box of beasts
 b - a fan of gales
   (You found it on level 3 of the Depths)
 r - a lamp of fire
   (You found it on level 1 of the Realm of Zot)
 H - a crystal ball of energy
   (You found it on level 8 of the Dungeon)
 J - a lightning rod (4/4)
   (You found it on level 3 of the Depths)
 N - a phial of floods
   (You found it on level 4 of the Depths)
 R - a phantom mirror
Comestibles
 d - 62 rations {@e1}


   Skills:
 + Level 22.0 Fighting
 - Level 1.7 Throwing
 + Level 18.5 Armour
 + Level 18.7 Dodging
 - Level 15.0 Shields
 + Level 21.0 Unarmed Combat
 - Level 8.1 Invocations


You had 24 spell levels left.
You didn't know any spells.
Your spell library contained the following spells:

 Spells                   Type           Power        Failure   Level  Hunger
 Magic Dart               Conj           #...         100%        1    ##.....
 Apportation              Tloc           #.....       100%        1    ##.....
 Bolt of Cold             Conj/Ice       #.........   100%        6    #######
 Lightning Bolt           Conj/Air       #.........   100%        5    ######.
 Invisibility             Hex            #.......     100%        6    #######
 Controlled Blink         Tloc           N/A          100%        8    #######
 Freezing Cloud           Conj/Ice/Air   #.........   100%        6    #######
 Mephitic Cloud           Conj/Pois/Air  #.......     100%        3    ####...
 Venom Bolt               Conj/Pois      #.........   100%        5    ######.
 Olgreb's Toxic Radiance  Pois           #.......     100%        4    #####..
 Summon Small Mammal      Summ           #...         100%        1    ##.....
 Iskenderun's Mystic Bla  Conj           #.......     100%        4    #####..
 Animate Dead             Necr           N/A          100%        4    #####..
 Pain                     Necr           #...         100%        1    ##.....
 Animate Skeleton         Necr           N/A          100%        1    ##.....
 Vampiric Draining        Necr           #.........   100%        3    ####...
 Ozocubu's Refrigeration  Ice            #.........   100%        6    #######
 Summon Ice Beast         Ice/Summ       #.......     100%        4    #####..
 Call Imp                 Summ           #.......     100%        2    ###....
 Regeneration             Chrm/Necr      #.........   100%        3    ####...
 Sting                    Conj/Pois      #...         100%        1    ##.....
 Tukima's Dance           Hex            #.......     100%        3    ####...
 Stone Arrow              Conj/Erth      #.....       100%        3    ####...
 Ice Form                 Ice/Tmut       #.......     100%        4    #####..
 Confusing Touch          Hex            #.....       100%        1    ##.....
 Passwall                 Tmut/Erth      #.......     100%        2    ###....
 Call Canine Familiar     Summ           #.......     100%        3    ####...
 Metabolic Englaciation   Hex/Ice        #.........   100%        5    ######.
 Summon Butterflies       Summ           #.......     100%        1    ##.....
 Shatter                  Erth           #.........   100%        9    #######
 Dispersal                Tloc           #.........   100%        6    #######
 Static Discharge         Conj/Air       #.......     100%        3    ####...
 Alistair's Intoxication  Tmut/Pois      #.......     100%        5    ######.
 Lee's Rapid Deconstruct  Erth           #.........   100%        5    ######.
 Sandblast                Erth           #.....       100%        1    ##.....
 Simulacrum               Ice/Necr       #.........   100%        6    #######
 Portal Projectile        Hex/Tloc       #.....       100%        3    ####...
 Petrify                  Tmut/Erth      #.......     100%        4    #####..
 Tornado                  Air            #.........   100%        9    #######
 Disjunction              Tloc           #.........   100%        8    #######
 Fulminant Prism          Conj/Hex       #.........   100%        4    #####..
 Dazzling Spray           Conj/Hex       #.....       100%        3    ####...
 Force Lance              Conj/Tloc      #.......     100%        4    #####..
 Searing Ray              Conj           #.....       100%        2    ###....
 Summon Lightning Spire   Summ/Air       #.......     100%        4    #####..
 Summon Guardian Golem    Hex/Summ       #.......     100%        3    ####...
 Gell's Gravitas          Tloc           #.........   100%        3    ####...
 Lesser Beckoning         Tloc           #.........   100%        3    ####...
 Poisonous Vapours        Pois/Air       #.....       100%        2    ###....
 Ignition                 Fire           #.........   100%        8    #######


Dungeon Overview and Level Annotations

Branches:
Dungeon (15/15)            Temple (1/1) D:4            Lair (6/6) D:10
 Shoals (4/4) Lair:4        Snake (4/4) Lair:3        Slime (0/5) Lair:6
    Orc (2/2) D:12            Elf (0/3) Orc:2        Vaults (5/5) D:14
  Crypt (0/3) Vaults:3     Depths (5/5) D:15            Zot (4/5) Depths:5

Altars:
Ashenzari
Cheibriados
Dithmenos
Elyvilon
Hepliaklqana
Kikubaaqudgha
Makhleb
Nemelex Xobeh
Okawaru
Ru
Uskayaw
Zin
The Shining One
Beogh

Shops:
Orc:2 (:}(   Shoals:1 (   Snake:1 }}   Vaults:1 !   Vaults:4 }!*?(
Vaults:5 =}   Depths:1 =}=   Depths:4 :

Portals:
Hell: Depths:1 Depths:2 Depths:3 Depths:4 Depths:5
Abyss: Depths:4 Depths:5
Pandemonium: Depths:1 Depths:3
Ziggurat: Depths:5

Annotations:
D:4 exclusion: Eustachio, Eustachio
D:12 exclusion: orange crystal statue
Lair:4 exclusion: 2 oklob plants
Depths:5 exclusion: ancient lich
Zot:3 exclusions: 3 draconian scorchers, 4 draconian stormcallers and 2 more exclusions
Zot:4 1 transporter, exclusion: obsidian statue


Innate Abilities, Weirdness & Mutations

You have a pair of large horns on your head.
You have an unnaturally thin skeletal structure. (Dex +6, Stealth++)
Your flesh is heat resistant. (rF+)
You can hurl damnation.
You frequently emit foul miasma when damaged in melee.
You regenerate a lot of health from kills.
You are immune to rotting.
You are immune to clouds of flame.
You are resistant to electric shocks. (rElec)
You expend magic power (3 MP) to strengthen your wands.


Message History

You hit the tentacled monstrosity but do no damage.
You headbutt the tentacled monstrosity! The quicksilver dragon misses you.
You block the quicksilver dragon's attack.
The tentacled monstrosity misses you.
You block the tentacled monstrosity's attack. x2
The tentacled monstrosity constricts you.
You block the quasit's attack. The quasit completely misses you. x2
The quasit barely misses you.
The quasit claws you but does no damage.
The quasit completely misses you.
The quicksilver dragon closely misses you.
The quicksilver dragon claws you!
You take 18 damage, and have 71/217 hp.
You feel much better.
You block the quicksilver dragon's attack. x2
The moth of wrath bites you!
The moth of wrath looks sick.
The rust devil closely misses you. The smoke demon closely misses you.
The smoke demon barely misses you. You block the smoke demon's attack.
The quicksilver dragon misses you.
The quicksilver dragon claws you but does no damage.
The quicksilver dragon bites you!
You emit a cloud of foul miasma!
The quicksilver dragon claws you! The quasit misses you.
You block the quasit's attack. The quasit misses you. x2
The quasit completely misses you. The quasit misses you.
The tentacled monstrosity tentacle-slaps you but does no damage.
The tentacled monstrosity barely misses you.
The tentacled monstrosity tentacle-slaps you but does no damage.
The tentacled monstrosity constricts you.
The obsidian statue's eyes glow briefly.
The obsidian statue attempts to bespell you!
You resist with almost no effort.
You take 4 damage, and have 67/217 hp.
You feel much better.
The quicksilver dragon bites you but does no damage.
You block the quicksilver dragon's attack.
The quicksilver dragon is engulfed in dark miasma.
The quicksilver dragon looks as sick as possible!
You block the quicksilver dragon's attack. x2
The moth of wrath completely misses you.
The quicksilver dragon misses you.
The quicksilver dragon completely misses you.
The smoke demon gestures at you. Something smites you!
The quasit bites you but does no damage.
The quasit claws you but does no damage.
The quasit closely misses you. The rust devil hits you.
The rust devil corrodes you!
The quasit bites you but does no damage.
The quasit barely misses you. The quasit closely misses you.
You block the orange demon's attack.
The tentacled monstrosity tentacle-slaps you.
The tentacled monstrosity completely misses you.
The tentacled monstrosity tentacle-slaps you but does no damage.
The tentacled monstrosity constricts you!
The quicksilver dragon is engulfed in dark miasma.
The quicksilver dragon looks as sick as possible!
The quicksilver dragon bites you!
* * * LOW HITPOINT WARNING * * *
The quicksilver dragon claws you!
* * * LOW HITPOINT WARNING * * *
The moth of wrath misses you.
The quicksilver dragon barely misses you.
The quicksilver dragon misses you.
You take 25 damage, and have 42/217 hp.
You barely miss the rust devil. You block the quasit's attack. x3
The quasit bites you but does no damage.
The quasit barely misses you. The quasit closely misses you.
The smoke demon gestures at you. Something smites you!
* * * LOW HITPOINT WARNING * * *
The rust devil misses you.
You block the quicksilver dragon's attack.
The quicksilver dragon barely misses you.
The orange demon barely misses you.
The quicksilver dragon is engulfed in dark miasma.
The quicksilver dragon looks as sick as possible!
You block the quicksilver dragon's attack.
The quicksilver dragon claws you!
* * * LOW HITPOINT WARNING * * *
You take 24 damage, and have 18/217 hp.
As you read the scroll of teleportation, it crumbles to dust.
You feel strangely unstable.
You feel the Orb delaying your translocation!
The quicksilver dragon bites you but does no damage.
You block the quicksilver dragon's attack.
The moth of wrath bites you but does no damage.
The quasit closely misses you. You block the quasit's attack.
The quasit completely misses you. The quasit barely misses you.
The quasit closely misses you. You block the quasit's attack.
The tentacled monstrosity misses you.
You block the tentacled monstrosity's attack.
The tentacled monstrosity tentacle-slaps you but does no damage.
* * * LOW HITPOINT WARNING * * *
The tentacled monstrosity constricts you!
The quicksilver dragon is engulfed in dark miasma.
The quicksilver dragon looks as sick as possible!
The quicksilver dragon bites you.
* * * LOW HITPOINT WARNING * * *
The quicksilver dragon claws you!!
You die...

#####.##.###### #.>.
##...^.........## #...
#.!......(......# ####
#...#########†..# #
#..##.......##..# ...
##..#8.......8#..##
....#...#..5....)$#...#
........#.5DD4..":#...#.###
.!.....d#.X@38..$©#©.......
........#.y45...[=#...#.###
.......?#.......$[#...#.#
.!......#8.......8#.....#
......(.##.......##......
#......(.#########......##
#........................
##..................#.....


You could see a tentacled monstrosity, a red draconian, 2 quicksilver dragons,
an obsidian statue, an orange demon, a moth of wrath, a rust devil, a smoke
demon, 2 quasits and a shadow imp.

Vanquished Creatures
  An orb of fire (Zot:1)
  Mara (Depths:4)
  An ancient lich (Vaults:5)
  A juggernaut (Depths:2)
  Frederick (Depths:4)
  4 caustic shrikes
  2 curse toes (Zot:4)
  A Killer Klown (Zot:3)
  12 golden dragons
  A bone dragon (Depths:5)
  A Tzitzimitl (Depths:3)
  A Brimstone Fiend (Zot:3)
  15 tentacled monstrosities
  4 liches
  5 quicksilver dragons
  Rupert (D:13)
  3 titans (Vaults:5)
  10 death cobs
  7 sphinxes
  11 shadow dragons
  6 tengu reavers
  A tentacled starspawn (Abyss:3)
  Ilsuiw (Shoals:4)
  A storm dragon (shapeshifter) (Depths:5)
  10 storm dragons
  7 fire giants
  7 nagarajas (Snake:4)
  8 frost giants
  8 draconian scorchers
  6 iron dragons
  A deep elf sorcerer (Vaults:2)
  19 vault wardens
  Louise (Depths:5)
  2 orc warlords
  A ghost moth (Zot:2)
  3 draconian knights
  A juggernaut zombie (Depths:3)
  2 caustic shrike zombies (Depths:3)
  A ghost moth (shapeshifter) (Depths:4)
  19 ironheart preservers
  A deep elf elementalist (Depths:2)
  2 draconian shifters (Zot:1)
  A draconian stormcaller (Zot:1)
  A juggernaut skeleton (Depths:3)
  4 draconian annihilators
  9 very ugly things
  2 spriggan defenders (Depths:4)
  6 reapers (Depths:3)
  11 stone giants
  An entropy weaver (Vaults:5)
  Nessos (Lair:6)
  9 green draconians
  3 deep elf annihilators
  3 yellow draconians
  13 white draconians
  5 red draconians
  3 deep elf demonologists
  5 black draconians
  7 purple draconians
  A spark wasp (Depths:4)
  11 deep elf death magi
  Snorg (D:11)
  2 blizzard demons (IceCv)
  9 ettins
  8 fire dragons
  6 merfolk javelineers
  6 merfolk impalers
  6 jiangshi
  A great orb of eyes (shapeshifter) (Depths:5)
  12 yaktaur captains
  4 great orbs of eyes
  A deep elf high priest (Vaults:5)
  8 hydras
  A hell beast (Depths:3)
  14 ice dragons
  5 rakshasas
  4 naga warriors
  Harold (Lair:3)
  10 spriggan air magi
  39 vault guards
  Erolcha (D:12)
  A juggernaut simulacrum (Depths:3)
  11 centaur warriors
  2 merfolk avatars (Shoals:1)
  An alligator snapping turtle (shapeshifter) (Vaults:4)
  10 ogre magi
  20 anacondas
  An alligator snapping turtle (Shoals:3)
  5 merfolk aquamancers
  6 deep troll earth magi
  3 death knights
  4 satyrs
  5 vampire magi
  6 tengu warriors
  24 two-headed ogres
  6 spriggan berserkers
  4 deep troll shamans
  3 orc high priests (Orc:2)
  9 shock serpents
  10 naga sharpshooters
  7 spriggans
  A titan skeleton (Depths:3)
  2 soul eaters (Depths:3)
  4 deep elf knights
  13 skeletal warriors
  3 iron trolls
  A fire crab (shapeshifter) (Vaults:4)
  4 salamander mystics (Snake:4)
  8 hell knights
  4 flayed ghosts
  3 shadow wraiths
  4 unseen horrors
  A death drake (shapeshifter) (Depths:5)
  15 sea snakes
  A sea snake (shapeshifter) (Vaults:2)
  3 wizards
  24 deep trolls
  4 glowing orange brains
  2 golden dragon zombies (Depths:3)
  The ghost of garrulousMonolith the Insei, a novice OpTm of Wu Jian (D:7)
  3 deep elf archers
  A golden dragon skeleton (Depths:3)
  17 naga ritualists
  A wolf spider (shapeshifter) (Depths:2)
  12 orc knights
  7 phantasmal warriors
  18 ironbrand convokers
  2 tengu zombies (Depths:3)
  18 harpies
  A sphinx zombie (Depths:3)
  An iron dragon zombie (Depths:3)
  A wolf spider zombie (D:14)
  10 mana vipers
  7 deep elf magi
  10 necromancers
  37 ugly things
  14 fauns
  5 orc sorcerers
  A sphinx skeleton (Depths:3)
  7 cyclopes
  18 salamanders
  A frost giant zombie (Depths:3)
  8 manticores
  6 wolf spiders
  A fire giant zombie (Depths:3)
  A salamander (shapeshifter) (Depths:2)
  34 moths of wrath
  3 stone giant zombies
  A worldbinder (Abyss:3)
  A frost giant skeleton (Depths:3)
  2 water nymphs
  An iron dragon skeleton (Depths:3)
  4 elephants (Lair:4)
  An elephant (shapeshifter) (Depths:1)
  A guardian serpent (shapeshifter) (Vaults:3)
  17 merfolk sirens
  12 guardian serpents
  A rust devil (Depths:1)
  44 black mambas
  An ice statue (IceCv)
  A stone giant skeleton (Depths:1)
  19 vault sentinels
  A spriggan zombie (Depths:3)
  16 naga magi
  A storm dragon simulacrum (Depths:3)
  The ghost of GreenOcha the Carver, a novice MiGl (D:5)
  A fire giant skeleton (Depths:1)
  A gargoyle (D:12)
  13 spiny frogs
  A komodo dragon (shapeshifter) (Vaults:4)
  An anaconda simulacrum (IceCv)
  3 rime drakes
  A kobold demonologist (D:13)
  8 freezing wraiths
  6 ice devils (IceCv)
  6 komodo dragons
  57 yaktaurs
  A yaktaur (shapeshifter) (Vaults:4)
  2 efreet
  A red devil (Depths:3)
  A golden dragon simulacrum (IceCv)
  A tengu conjurer (Depths:4)
  9 trolls
  An elf skeleton (Depths:3)
  5 wind drakes
  A wind drake (shapeshifter) (Depths:2)
  41 merfolk
  3 polar bears
  A tengu simulacrum (Depths:3)
  A meliai (shapeshifter) (D:14)
  A tyrant leech (shapeshifter) (Vaults:5)
  14 hornets
  14 blink frogs
  A shadow dragon simulacrum (Vaults:3)
  33 slime creatures
  9 snapping turtles
  A raiju (shapeshifter) (Depths:1)
  A dream sheep (shapeshifter) (Depths:2)
  16 hippogriffs
  A fire giant simulacrum (Depths:3)
  5 redbacks
  40 yaks
  2 wraiths
  9 wyverns
  A spriggan skeleton (Depths:3)
  3 dire elephant simulacra (IceCv)
  A fire elemental (D:14)
  A yak (shapeshifter) (Depths:1)
  2 basilisks
  An elf zombie (Depths:3)
  13 water elementals
  A basilisk (shapeshifter) (Depths:1)
  A golden eye (shapeshifter) (D:14)
  2 hogs (shapeshifter)
  2 hungry ghosts
  A neqoxec (Abyss:3)
  11 vampire mosquitoes
  5 wargs
  7 harpy simulacra (IceCv)
  3 human simulacra
  A swamp worm (shapeshifter) (D:14)
  39 nagas
  2 acid dragons
  A soldier ant (D:8)
  40 water moccasins
  An iron troll simulacrum (IceCv)
  3 large abominations
  5 hydra simulacra (IceCv)
  An acid dragon (shapeshifter) (Vaults:3)
  6 porcupines
  27 orc warriors
  A floating eye (Depths:2)
  7 ice beasts
  2 black bears (shapeshifter)
  3 starcursed masses
  3 sky beasts
  A black bear (Lair:2)
  4 boggarts
  46 ogres
  An eye of draining (D:15)
  A phantom (D:14)
  An ettin simulacrum (IceCv)
  5 wolves
  10 centaurs
  8 crocodiles
  A big kobold (D:8)
  25 bullfrogs
  A wyvern zombie (D:14)
  A hornet simulacrum (D:14)
  6 scorpions
  3 small abominations
  A wyvern skeleton (D:11)
  4 killer bees
  An elephant simulacrum (IceCv)
  5 wights (D:10)
  8 howler monkeys
  2 centaur zombies
  11 crimson imps
  2 quasits
  A draconian simulacrum (IceCv)
  14 jellies (Lair:6)
  2 bullfrog skeletons
  2 bullfrog zombies
  6 centaur skeletons
  20 orc priests
  6 hounds
  A hound (shapeshifter) (Vaults:2)
  20 orc wizards
  5 iguanas
  Ijyb (D:3)
  15 worker ants
  5 troll simulacra (IceCv)
  A polar bear simulacrum (IceCv)
  3 centaur simulacra
  A hound zombie (D:6)
  4 hound skeletons
  3 worker ant zombies
  6 gnolls (D:8)
  27 adders
  4 naga simulacra (IceCv)
  7 river rats (Sewer)
  6 shadow imps
  8 white imps
  A worker ant simulacrum (D:9)
  10 ufetubi
  5 oozes
  An adder zombie (D:5)
  2 adder skeletons (D:8)
  2 worms
  A dart slug (D:1)
  3 leopard geckos
  73 orcs
  8 bats
  6 giant cockroaches
  17 goblins
  5 hobgoblins
  20 jackals
  11 kobolds
  6 quokkas
  15 ball pythons
  8 frilled lizards
  A giant cockroach zombie (D:5)
  A quokka skeleton (D:4)
  30 rats
  2 crawling corpses (Vaults:5)
2086 creatures vanquished.

Vanquished Creatures (others)
  An ancient lich (Depths:5)
  An ironheart preserver (Vaults:2)
  2 merfolk javelineers (Shoals:4)
  2 yaktaur captains (Vaults:3)
  A vault guard (Vaults:4)
  2 satyrs (Shoals:3)
  A centaur warrior (Vaults:1)
  2 naga sharpshooters (Snake:4)
  A shadow wraith (Vaults:5)
  A deep troll (Vaults:5)
  A cyclops (D:15)
  A salamander (Snake:4)
  3 fauns
  7 yaktaurs
  An orc warrior (Vaults:1)
  A boggart (Depths:3)
  An electric eel (D:14)
  An orc priest (Vaults:5)
  A ball python (Snake:4)
  7 fungi
  30 plants
  4 starspawn tentacles (Abyss:3)
  8 tentacles
80 creatures vanquished.

Grand Total: 2166 creatures vanquished

Notes
Turn   | Place    | Note
-------+----------+-------------------------------------------
     0 | D:1      | Firecrotchwizard the Demonspawn Gladiator began the quest for the Orb.
     0 | D:1      | Reached XP level 1. HP: 16/16 MP: 1/1
   331 | D:1      | Reached skill level 3 in Unarmed Combat
   331 | D:1      | Gained mutation: You have a pair of small horns on your head. [demonic ancestry]
   331 | D:1      | Reached XP level 2. HP: 22/22 MP: 2/2
   453 | D:1      | Reached skill level 3 in Dodging
   481 | D:1      | Reached XP level 3. HP: 28/28 MP: 3/3
  1037 | D:2      | HP: 7/28 [poisoned by an adder]
  1045 | D:2      | HP: 6/28 [poisoned by an adder]
  1469 | D:2      | Reached XP level 4. HP: 20/34 MP: 4/4
  2241 | D:3      | Reached skill level 4 in Unarmed Combat
  2316 | D:3      | Reached skill level 3 in Fighting
  2780 | D:3      | Gained mutation: You are immune to rotting. [demonic ancestry]
  2780 | D:3      | Reached XP level 5. HP: 39/41 MP: 5/5
  3091 | D:3      | Noticed Ijyb
  3092 | D:3      | Paralysed by Ijyb for 7 turns
  3119 | D:3      | Killed Ijyb
  3398 | D:4      | Found a staircase to the Ecumenical Temple.
  3406 | Temple   | Entered the Ecumenical Temple
  3437 | Temple   | Became a worshipper of Warmaster Okawaru
  3726 | D:4      | Found a glowing drain.
  4030 | Sewer    | Entered a sewer
  4052 | Sewer    | Reached skill level 5 in Unarmed Combat
  4192 | Sewer    | HP: 9/42 [river rat (6)]
  4193 | Sewer    | HP: 4/42 [river rat (1)]
  4195 | Sewer    | Reached XP level 6. HP: 5/48 MP: 6/6
  4779 | Sewer    | Reached skill level 4 in Fighting
  4782 | Sewer    | HP: 11/48 [river rat (6)]
  5187 | Sewer    | Reached * piety under Okawaru
  5187 | Sewer    | Reached skill level 6 in Unarmed Combat
  5481 | D:4      | Gained mutation: You have a somewhat thin skeletal structure. (Dex +2, Stealth) [demonic ancestry]
  5481 | D:4      | Reached XP level 7. HP: 55/55 MP: 7/7
  5890 | D:4      | Noticed Eustachio
  6070 | D:4      | Found a sacrificial altar of Ru.
  6544 | D:5      | Entered Level 5 of the Dungeon
  6585 | D:4      | Reached skill level 5 in Fighting
  6585 | D:4      | Reached skill level 1 in Invocations
  6924 | D:5      | Reached skill level 7 in Unarmed Combat
  6924 | D:5      | Reached skill level 2 in Invocations
  6998 | D:5      | Got a dazzling short sword {drain}
  7108 | D:5      | Gained mutation: You regenerate a little health from kills. [demonic ancestry]
  7108 | D:5      | Reached XP level 8. HP: 38/62 MP: 6/9
  7430 | D:5      | Reached ** piety under Okawaru
  7430 | D:5      | Reached skill level 3 in Invocations
  7436 | D:5      | Noticed GreenOcha's ghost (novice MiGl)
  7458 | D:5      | Killed GreenOcha's ghost
  7458 | D:5      | Reached skill level 4 in Invocations
  7471 | D:5      | Reached skill level 6 in Fighting
  7471 | D:5      | Reached skill level 8 in Unarmed Combat
  8530 | D:6      | Reached skill level 5 in Invocations
  8542 | D:6      | Reached *** piety under Okawaru
  8548 | D:6      | Found a snail-covered altar of Cheibriados.
  8668 | D:6      | Gained mutation: You may emit foul miasma when damaged in melee. [demonic ancestry]
  8668 | D:6      | Reached XP level 9. HP: 55/71 MP: 11/13
  8775 | D:6      | Found a shadowy altar of Dithmenos.
  9026 | D:7      | Reached skill level 9 in Unarmed Combat
  9155 | D:7      | Found a hazy altar of Hepliaklqana.
  9264 | D:7      | Reached skill level 6 in Invocations
  9493 | D:7      | Noticed garrulousMonolith's ghost (novice OpTm)
  9510 | D:7      | Killed garrulousMonolith's ghost
  9510 | D:7      | Reached skill level 7 in Fighting
  9702 | D:7      | Reached skill level 7 in Invocations
  9704 | D:7      | Reached **** piety under Okawaru
 10193 | D:8      | Reached skill level 10 in Unarmed Combat
 10205 | D:8      | HP: 18/73 [poisoned by a hornet]
 10211 | D:8      | HP: 16/73 [poisoned by a hornet]
 10463 | D:8      | Gained mutation: You have a pair of horns on your head. [demonic ancestry]
 10463 | D:8      | Reached XP level 10. HP: 70/80 MP: 12/15
 10657 | D:8      | Noticed a cyclops
 10665 | D:8      | Killed a cyclops
 10665 | D:8      | Reached skill level 8 in Fighting
 10665 | D:8      | Reached skill level 8 in Invocations
 11460 | D:9      | Reached ***** piety under Okawaru
 11501 | D:9      | Reached skill level 11 in Unarmed Combat
 11522 | D:9      | Reached skill level 1 in Armour
 11816 | D:9      | Received a gift from Okawaru
 11821 | D:9      | Reached skill level 2 in Armour
 11821 | D:9      | Reached skill level 4 in Dodging
 11914 | D:9      | Reached skill level 9 in Fighting
 11984 | D:9      | Found a white marble altar of Elyvilon.
 11984 | D:9      | Found a hide-covered altar of Uskayaw.
 12387 | D:9      | Noticed a two-headed ogre
 12392 | D:9      | Killed a two-headed ogre
 12392 | D:9      | Received a gift from Okawaru
 12392 | D:9      | Reached skill level 3 in Armour
 12470 | D:9      | Found a glowing golden altar of the Shining One.
 12502 | D:10     | Entered Level 10 of the Dungeon
 12595 | D:10     | Reached XP level 11. HP: 89/89 MP: 17/17
 12655 | D:10     | Got a fine battleaxe
 13267 | D:10     | Found a staircase to the Lair.
 13497 | Lair:1   | Entered Level 1 of the Lair of Beasts
 13670 | Lair:1   | Reached skill level 5 in Dodging
 13718 | Lair:1   | Reached skill level 4 in Armour
 14405 | Lair:1   | Got a pitted spear
 14848 | Lair:1   | Reached skill level 10 in Fighting
 14860 | Lair:1   | HP: 20/90 [yak (4)]
 15247 | Lair:2   | Reached skill level 6 in Dodging
 15457 | Lair:2   | Reached skill level 5 in Armour
 15459 | Lair:2   | HP: 17/91 [komodo dragon (16)]
 15460 | Lair:2   | Received a gift from Okawaru
 15989 | Lair:2   | Received a gift from Okawaru
 16354 | Lair:2   | Noticed a four-headed hydra
 16363 | Lair:2   | Killed a four-headed hydra
 16675 | Lair:2   | Reached skill level 6 in Armour
 16693 | Lair:2   | Reached skill level 7 in Dodging
 16881 | Lair:3   | Noticed Harold
 16889 | Lair:2   | Gained mutation: You regenerate health from kills. [demonic ancestry]
 16889 | Lair:2   | Reached XP level 12. HP: 84/99 MP: 13/18
 16940 | Lair:3   | Killed Harold
 16940 | Lair:3   | Reached skill level 11 in Fighting
 17071 | Lair:3   | Found a staircase to the Snake Pit.
 17174 | Lair:3   | Reached skill level 7 in Armour
 17514 | Lair:3   | Reached skill level 8 in Dodging
 18477 | Lair:4   | Reached ****** piety under Okawaru
 18496 | Lair:4   | Received a gift from Okawaru
 18502 | Lair:4   | Got a scorched chain mail {god gift}
 18513 | Lair:4   | Identified the +6 chain mail of the Garden {Slay+2} (Okawaru gifted it to you on level 4 of the Lair of Beasts)
 18610 | Lair:4   | Reached skill level 8 in Armour
 18626 | Lair:4   | Reached skill level 12 in Fighting
 18634 | Lair:4   | Found a staircase to the Shoals.
 18666 | Lair:4   | Noticed a four-headed hydra
 18679 | Lair:4   | Killed a four-headed hydra
 18810 | Lair:4   | Noticed a four-headed hydra
 18818 | Lair:4   | Killed a four-headed hydra
 18818 | Lair:4   | Reached skill level 9 in Dodging
 19194 | Lair:4   | Gained mutation: You regenerate a lot of health from kills. [demonic ancestry]
 19194 | Lair:4   | Reached XP level 13. HP: 90/108 MP: 15/19
 19910 | Lair:5   | Found the +1 cloak of Starlight {rElec rC+ EV+4 Stlth--}
 20517 | Lair:5   | Got a heavily runed graven amulet
 20518 | Lair:5   | Identified the amulet of Qetebriz {Gourm rC++} (You found it on level 5 of the Lair of Beasts)
 20660 | Lair:6   | Entered Level 6 of the Lair of Beasts
 20774 | Lair:6   | Reached skill level 9 in Armour
 20806 | Lair:6   | Received a gift from Okawaru
 21112 | Lair:6   | Noticed Nessos
 21137 | Lair:6   | Killed Nessos
 21137 | Lair:6   | Reached skill level 10 in Dodging
 21242 | Lair:6   | Reached skill level 13 in Fighting
 21295 | Lair:6   | Found a staircase to the Slime Pits.
 21600 | Lair:6   | Received a gift from Okawaru
 21601 | Lair:6   | Got a pitted great sword {god gift}
 21895 | Lair:6   | Got a crystal short sword
 22297 | D:11     | Noticed Snorg
 22307 | D:11     | Killed Snorg
 22617 | D:11     | Reached skill level 12 in Unarmed Combat
 22665 | D:11     | Got a shimmering leather armour
 22943 | D:12     | Reached XP level 14. HP: 118/118 MP: 18/20
 22975 | D:12     | Noticed Erolcha
 22981 | D:12     | Killed Erolcha
 22981 | D:12     | Received a gift from Okawaru
 23010 | D:12     | Found a staircase to the Orcish Mines.
 23276 | D:12     | You fall through a shaft!
 23368 | D:13     | Received a gift from Okawaru
 23432 | D:13     | Got a transparent ring mail
 23433 | D:13     | Noticed Rupert
 23441 | D:13     | Killed Rupert
 23455 | D:13     | Identified the +1 ring mail of the Jabberwock {rN+ Int+2} (You found it on level 13 of the Dungeon)
 23693 | D:13     | Received a gift from Okawaru
 23711 | D:13     | Reached skill level 14 in Fighting
 23711 | D:13     | Reached skill level 13 in Unarmed Combat
 23730 | D:13     | Got a steaming rapier {god gift}
 24277 | D:13     | Received a gift from Okawaru
 24278 | D:13     | Got heavily runed steam dragon scales {god gift}
 24294 | D:13     | Identified the +2 steam dragon scales of Action {*Corrode Int+8 SInv} (Okawaru gifted it to you on level 13 of the Dungeon)
 25018 | Orc:1    | Entered Level 1 of the Orcish Mines
 25190 | Orc:2    | Entered Level 2 of the Orcish Mines
 25398 | Orc:2    | Found Ijawyub's Weapon Shoppe.
 25496 | Orc:2    | Reached skill level 14 in Unarmed Combat
 25513 | Orc:2    | HP: 26/121 [orc knight/battleaxe (16)]
 25645 | Orc:2    | Found Irghupt's Book Boutique.
 25652 | Orc:2    | Found Alenuynt's Weapon Boutique.
 25654 | Orc:2    | Found Afodugo's Gadget Shoppe.
 25913 | Orc:2    | Found a staircase to the Elven Halls.
 26025 | Orc:1    | Noticed an orc warlord
 26064 | Orc:2    | Killed an orc warlord
 26296 | Orc:1    | Found a roughly hewn altar of Beogh.
 26548 | D:14     | Gained mutation: You have a pair of large horns on your head. [demonic ancestry]
 26548 | D:14     | Reached XP level 15. HP: 127/127 MP: 21/21
 26556 | D:14     | Received a gift from Okawaru
 26690 | D:14     | Found the brooch of Shielding {Reflect SH+8}
 27357 | D:14     | Reached skill level 1 in Shields
 27383 | D:14     | Reached skill level 2 in Shields
 27465 | D:14     | Found a gate to the Vaults.
 27553 | D:15     | Entered Level 15 of the Dungeon
 27639 | D:15     | Reached skill level 3 in Shields
 27762 | D:15     | Reached skill level 4 in Shields
 27765 | D:15     | Found a staircase to the Depths.
 27765 | D:15     | Noticed a frost giant
 27779 | D:15     | Killed a frost giant
 27779 | D:15     | Received a gift from Okawaru
 27946 | D:15     | Reached skill level 5 in Shields
 28013 | D:15     | Got a ripped robe
 28169 | D:15     | Reached skill level 6 in Shields
 28216 | D:15     | Found an iron altar of Okawaru.
 28312 | D:15     | Received a gift from Okawaru
 28330 | D:15     | Reached skill level 7 in Shields
 28738 | D:15     | Reached skill level 8 in Shields
 28845 | D:15     | Upgraded the game from 0.22-a0-445-g8c8ef71 to 0.22-a0-448-g1fb7470
 28948 | D:12     | Got a flickering bone ring
 28970 | D:12     | Identified the ring "Suuhabes" {*Tele rElec Dex+6} (You found it on level 12 of the Dungeon)
 29118 | Snake:1  | Entered Level 1 of the Snake Pit
 29186 | Snake:1  | Found a frozen archway.
 29203 | IceCv    | Entered an ice cave
 29334 | IceCv    | Reached skill level 9 in Shields
 30221 | Snake:1  | Gained mutation: You have a moderately thin skeletal structure. (Dex +4, Stealth+) [demonic ancestry]
 30221 | Snake:1  | Reached XP level 16. HP: 131/134 MP: 22/22
 30351 | Snake:1  | Reached skill level 10 in Shields
 30487 | Snake:1  | Received a gift from Okawaru
 30816 | Snake:1  | Found Roasagg's Gadget Shop.
 30828 | Snake:1  | Found Gaow's Gadget Boutique.
 30830 | Snake:1  | Bought a wand of acid (11) for 480 gold pieces
 30942 | Snake:1  | You fall through a shaft!
 30966 | Snake:2  | Reached skill level 11 in Shields
 31285 | Snake:2  | Received a gift from Okawaru
 32048 | Snake:2  | Reached skill level 12 in Shields
 32993 | Snake:3  | Reached skill level 13 in Shields
 33500 | Snake:4  | Entered Level 4 of the Snake Pit
 33719 | Snake:4  | Received a gift from Okawaru
 33855 | Snake:4  | Reached skill level 14 in Shields
 33914 | Snake:4  | Reached XP level 17. HP: 67/140 MP: 17/23
 34391 | Snake:4  | Received a gift from Okawaru
 34448 | Snake:4  | Reached skill level 15 in Shields
 34512 | Snake:4  | Reached skill level 15 in Fighting
 35452 | Snake:4  | Received a gift from Okawaru
 35459 | Snake:4  | Got a transparent morningstar {god gift}
 35490 | Snake:4  | Reached skill level 10 in Armour
 35494 | Snake:4  | Reached skill level 15 in Unarmed Combat
 35670 | Snake:4  | Got a serpentine rune of Zot
 35879 | Shoals:1 | Entered Level 1 of the Shoals
 36459 | Shoals:1 | Received a gift from Okawaru
 36489 | Shoals:1 | Reached skill level 11 in Dodging
 36546 | Shoals:1 | Found Bungeirch's Antique Weapon Shop.
 36657 | Shoals:1 | Noticed a kraken
 36781 | Shoals:2 | Gained mutation: Your flesh is heat resistant. (rF+) [demonic ancestry]
 36781 | Shoals:2 | Reached XP level 18. HP: 151/151 MP: 24/24
 37754 | Shoals:3 | Reached skill level 11 in Armour
 38008 | Shoals:3 | Received a gift from Okawaru
 38106 | Shoals:4 | Entered Level 4 of the Shoals
 38133 | Shoals:4 | Reached skill level 16 in Fighting
 38432 | Shoals:4 | Got a smoking bronze amulet
 38622 | Shoals:4 | Cast into level 3 of the Abyss (merfolk)
 38727 | Shoals:4 | Escaped the Abyss
 38892 | Shoals:4 | Noticed Ilsuiw
 38918 | Shoals:4 | Killed Ilsuiw
 38918 | Shoals:4 | Received a gift from Okawaru
 38941 | Shoals:4 | Found the +8 glaive of the Guard {elec, +Rage AC+5 SInv}
 38990 | Shoals:4 | Identified the amulet "Luicsotia" {Reflect Int+4 SH+5} (You found it on level 4 of the Shoals)
 38993 | Shoals:4 | Identified a scroll of acquirement
 39207 | Shoals:4 | Got a faintly glowing copper amulet
 39208 | Shoals:4 | Identified the amulet "Coremnem" {Gourm *Drain +Inv Str+2} (You found it on level 4 of the Shoals)
 39220 | Shoals:4 | Identified a +0 pair of boots of running (Okawaru gifted it to you on level 4 of the Shoals)
 39256 | Shoals:4 | Reached skill level 12 in Dodging
 39267 | Shoals:4 | Got an amber-encrusted leather armour
 39348 | Shoals:4 | Reached skill level 16 in Unarmed Combat
 39398 | Shoals:4 | Got a barnacled rune of Zot
 39742 | Vaults:1 | Entered Level 1 of the Vaults
 39930 | Vaults:1 | Reached XP level 19. HP: 129/159 MP: 25/25
 40041 | Vaults:1 | Received a gift from Okawaru
 40056 | Vaults:1 | Reached skill level 12 in Armour
 40139 | Vaults:1 | Got a spiked chain mail
 40140 | Vaults:1 | Identified the +7 chain mail of the Monk {*Contam rElec Str+7 Int+3} (You found it on level 1 of the Vaults)
 40912 | Vaults:1 | Found Duclixy's Distillery.
 40924 | Vaults:1 | Bought a potion of mutation for 160 gold pieces
 40924 | Vaults:1 | Bought a potion of heal wounds for 100 gold pieces
 40924 | Vaults:1 | Bought a potion of haste for 200 gold pieces
 41310 | Vaults:2 | Reached skill level 17 in Fighting
 41622 | Vaults:2 | HP: 35/161 [flayed ghost/flay_damage (17)]
 42025 | Vaults:2 | Reached skill level 13 in Dodging
 42301 | Vaults:2 | Received a gift from Okawaru
 42984 | Vaults:3 | Reached skill level 13 in Armour
 43180 | Vaults:3 | Gained mutation: You have an unnaturally thin skeletal structure. (Dex +6, Stealth++) [demonic ancestry]
 43180 | Vaults:3 | Reached XP level 20. HP: 168/168 MP: 26/26
 43309 | Vaults:3 | Received a gift from Okawaru
 43433 | Vaults:3 | Reached skill level 17 in Unarmed Combat
 43865 | Vaults:3 | Paralysed by a sphinx for 5 turns
 43885 | Vaults:3 | Found a staircase to the Crypt.
 44659 | Vaults:4 | Received a gift from Okawaru
 44982 | Vaults:4 | Found Xeqitar's Antique Weapon Shoppe.
 45338 | Vaults:4 | Found Gotoub's Magic Scroll Emporium.
 45444 | Vaults:4 | Found Jaewniy's Assorted Antiques.
 45447 | Vaults:4 | Bought a scroll of teleportation for 123 gold pieces
 45447 | Vaults:4 | Bought a silver ring for 205 gold pieces
 45447 | Vaults:4 | Bought a clouded granite ring for 205 gold pieces
 45447 | Vaults:4 | Identified the ring "Cogeci" {MR+ Str+4 Slay+3 SInv} (You bought it in a shop on level 4 of the Vaults)
 45503 | Vaults:4 | Found Coichoob's Gadget Emporium.
 45511 | Vaults:4 | Bought a wand of clouds (6) for 570 gold pieces
 45511 | Vaults:4 | Bought a wand of clouds (4) for 456 gold pieces
 45574 | Vaults:4 | Reached skill level 14 in Dodging
 45583 | Vaults:4 | Reached skill level 18 in Fighting
 45613 | Vaults:4 | Found Inketop's Distillery.
 46386 | Depths:1 | Entered Level 1 of the Depths
 46570 | Depths:1 | Received a gift from Okawaru
 46571 | Depths:1 | Got a jewelled plate armour {god gift}
 46588 | Depths:1 | Identified the +2 plate armour of Henotheism {+Blink MR+ Str+3 Dex+4} (Okawaru gifted it to you on level 1 of the Depths)
 46648 | Depths:1 | Found Jaunoex's Jewellery Boutique.
 46651 | Depths:1 | Found Wiyteory's Gadget Shoppe.
 46700 | Depths:1 | Found Etecouf's Jewellery Boutique.
 47010 | Depths:1 | Found a gateway to Hell.
 47214 | Depths:1 | Found a one-way gate leading to the halls of Pandemonium.
 47362 | Depths:2 | Reached skill level 14 in Armour
 47585 | Depths:2 | Gained mutation: You are immune to clouds of flame. [demonic ancestry]
 47585 | Depths:2 | Reached XP level 21. HP: 177/177 MP: 27/27
 47676 | Depths:2 | Paralysed by a floating eye for 3 turns
 47777 | Depths:2 | Noticed a caustic shrike
 47797 | Depths:2 | Killed a caustic shrike
 47964 | Depths:2 | Noticed a caustic shrike
 47975 | Depths:2 | Killed a caustic shrike
 48045 | Depths:2 | Noticed a caustic shrike
 48047 | Depths:2 | Noticed a juggernaut
 48072 | Depths:2 | Killed a juggernaut
 48072 | Depths:2 | Received a gift from Okawaru
 48072 | Depths:2 | Paralysed by a floating eye for 2 turns
 48091 | Depths:2 | Identified the +1 large shield "Hoituept" {rN+ Regen+ Dex-5} (Okawaru gifted it to you on level 2 of the Depths)
 48118 | Depths:2 | Reached skill level 18 in Unarmed Combat
 48189 | Depths:2 | Killed a caustic shrike
 48746 | Depths:3 | Reached skill level 15 in Dodging
 48998 | Depths:3 | Found an ancient bone altar of Kikubaaqudgha.
 49035 | Depths:3 | Received a gift from Okawaru
 49078 | Depths:3 | Received a gift from Okawaru
 49232 | Depths:3 | Reached skill level 19 in Fighting
 49578 | Depths:3 | Reached skill level 15 in Armour
 49731 | Depths:3 | Gained mutation: You can hurl damnation. [demonic ancestry]
 49731 | Depths:3 | Reached XP level 22. HP: 141/187 MP: 28/28
 50452 | Depths:3 | Got a translucent chain mail
 50453 | Depths:3 | Identified the +6 chain mail "Ruob" {Dex+3} (You found it on level 3 of the Depths)
 50933 | Depths:4 | Found Upsoruw's Book Boutique.
 51073 | Depths:4 | Found a one-way gate to the infinite horrors of the Abyss.
 51169 | Depths:4 | Noticed a golden dragon
 51183 | Depths:4 | Killed a golden dragon
 51362 | Depths:4 | Noticed Mara
 51413 | Depths:4 | Noticed Firecrotchwizard's illusion
 51474 | Depths:4 | Killed Mara
 51556 | Depths:4 | Received a gift from Okawaru
 51598 | Depths:4 | Noticed Frederick
 51615 | Depths:4 | Killed Frederick
 51864 | Depths:4 | Reached skill level 16 in Dodging
 51898 | Depths:4 | Noticed a caustic shrike
 51922 | Depths:4 | Killed a caustic shrike
 51992 | Depths:4 | Received a gift from Okawaru
 51992 | Depths:4 | Reached skill level 19 in Unarmed Combat
 52835 | Vaults:5 | Entered Level 5 of the Vaults
 52845 | Vaults:4 | Received a gift from Okawaru
 52846 | Vaults:4 | Got a bloodstained scale mail {god gift}
 52863 | Vaults:4 | Identified the +3 scale mail "Unih" {-Cast rCorr Str+5} (Okawaru gifted it to you on level 4 of the Vaults)
 52875 | Vaults:4 | Reached skill level 16 in Armour
 52889 | Vaults:4 | Gained mutation: You frequently emit foul miasma when damaged in melee. [demonic ancestry]
 52889 | Vaults:4 | Reached XP level 23. HP: 196/196 MP: 29/29
 53110 | Vaults:4 | Reached skill level 20 in Fighting
 53186 | Vaults:5 | Got a bound amber ring
 53187 | Vaults:5 | Identified the cursed ring of Cojaez {Str+4 Int+2 Dex-2} (You took it off a vault warden on level 5 of the Vaults)
 53270 | Vaults:5 | Noticed an ancient lich
 53339 | Vaults:5 | Killed an ancient lich
 53339 | Vaults:5 | Received a gift from Okawaru
 53543 | Vaults:5 | Got an ivory war axe
 53599 | Vaults:5 | Got a scorched tin ring
 53600 | Vaults:5 | Identified the ring of Yppydodu {rCorr Dex+2} (You took it off an ironbrand convoker on level 5 of the Vaults)
 53631 | Vaults:5 | Got an iridescent mace
 53710 | Vaults:5 | Reached skill level 17 in Dodging
 53778 | Vaults:5 | Received a gift from Okawaru
 53965 | Vaults:5 | Found Cauhun's Jewellery Shoppe.
 53984 | Vaults:5 | Found Uphinit's Gadget Shoppe.
 54166 | Vaults:5 | Got an encrusted war axe {venom}
 54266 | Vaults:5 | Got a silver rune of Zot
 54391 | Vaults:5 | Got an ominously black robe
 54775 | Depths:5 | Entered Level 5 of the Depths
 54797 | Depths:5 | Reached XP level 24. HP: 141/206 MP: 29/29
 54804 | Depths:5 | Reached skill level 17 in Armour
 54806 | Depths:5 | Received a gift from Okawaru
 54870 | Depths:5 | Noticed an ancient lich
 54871 | Depths:5 | Found a gateway to a ziggurat.
 55033 | Depths:5 | Identified the +1 pair of gloves of the Oligarchy {rC+ rN+} (You found it on level 5 of the Depths)
 55072 | Depths:5 | Noticed Louise
 55084 | Depths:5 | Killed Louise
 55253 | Depths:5 | Killed an ancient lich
 55278 | Depths:5 | Reached skill level 20 in Unarmed Combat
 55359 | Depths:5 | Received a gift from Okawaru
 55398 | Depths:5 | Found a gate to the Realm of Zot.
 55592 | Zot:1    | Entered Level 1 of the Realm of Zot
 55604 | Zot:1    | Got a steaming zirconium amulet
 55605 | Zot:1    | Identified the amulet "Vimi" {Harm *Drain Dex+5} (You found it on level 1 of the Realm of Zot)
 55835 | Zot:1    | Reached skill level 21 in Fighting
 55946 | Zot:1    | Found the +4 dagger "Morg" {pain, MR+ Int+5}
 55956 | Zot:1    | Got a scorched quarterstaff
 56197 | Zot:1    | Received a gift from Okawaru
 56203 | Zot:1    | Got a pair of faintly humming gloves {god gift}
 56204 | Zot:1    | Identified the +0 pair of gloves of Riluanub {Dex+3} (Okawaru gifted it to you on level 1 of the Realm of Zot)
 56214 | Zot:1    | Noticed an orb of fire
 56224 | Zot:1    | Gained mutation: Armour fits poorly on your strangely shaped body. [an orb of fire]
 56232 | Zot:1    | Killed an orb of fire
 56249 | Zot:1    | Lost mutation: Armour fits poorly on your strangely shaped body. [potion of mutation]
 56249 | Zot:1    | Gained mutation: You expend magic power (3 MP) to strengthen your wands. [potion of mutation]
 56249 | Zot:1    | Gained mutation: You are resistant to electric shocks. (rElec) [potion of mutation]
 56874 | Zot:2    | Reached skill level 18 in Dodging
 56995 | Zot:2    | Reached XP level 25. HP: 215/215 MP: 24/29
 57099 | Zot:2    | Reached skill level 18 in Armour
 58015 | Zot:3    | Received a gift from Okawaru
 59314 | Zot:4    | HP: 51/216 [purple draconian/bolt of dispelling energy (23)]
 59319 | Zot:4    | HP: 49/216 [??? (46)]
 59324 | Zot:4    | HP: 46/216 [??? (44)]
 59331 | Zot:4    | Received a gift from Okawaru
 59332 | Zot:4    | Found the +8 mithril axe "Arga" {speed, MR+}
 59752 | Zot:4    | Reached skill level 21 in Unarmed Combat
 59881 | Zot:4    | Reached skill level 22 in Fighting
 59957 | Zot:4    | Found a transporter.
 59979 | Zot:4    | Found a transporter.
 60026 | Zot:4    | HP: 52/217 [quicksilver dragon (15)]
 60027 | Zot:4    | HP: 18/217 [quicksilver dragon (13)]
 60028 | Zot:4    | Mangled by a quicksilver dragon

Vault maps used:
D:1:      dpeg_cavernosity
D:3:      first_ration, uniq_ijyb
D:4:      kb_forest_paths, kennysheep_mini, minmay_temple_entry_overgrown,
          gup_sewer_entry_glass, uniq_eustachio
D:6:      cheibrodos_worm_habitat, nicolae_dithmenos_through_a_glass_darkly
D:7:      lemuel_crystal_altar
D:8:      enter_bailey_3, hangedman_pestilent_swarm, kennysheep_just_a_vault
D:9:      chequers_temple_overflow_statue_of_worship, serial_ice, serial_ice_g,
          serial_ice_e, serial_ice_f, serial_ice_k, tso_altar
D:10:     david_lair_shrubbed, lemuel_flame_loot_1
D:11:     hex_large, uniq_snorg
D:12:     erik_orc_4, minmay_protected_statue, uniq_erolcha
D:13:     minmay_connected_boxes_in_corner, kennysheep_minor_cross,
          lemuel_flamethrower_2, uniq_rupert
D:14:     david_vaults_2, nicolae_lava_and_water
D:15:     grunt_enter_depths_snipers, okawaru_ov_weapons_minmay
Temple:   eino_temple_scatter_basement
Lair:3:   minmay_snake_entry_six_corridors, lemuel_fruit_tree, uniq_harold
Lair:4:   elwin_shoals_entry_rocks, cheibrodos_lair_lostbears,
          minmay_lair_oklob_chamber
Lair:6:   hangedman_lair_tendril_chambers, minmay_slime_entry_jelly_boxes,
          uniq_nessos
Shoals:1: serial_shops, nicolae_shop_behind_doors
Shoals:3: nicolae_shoals_isolated_beach
Shoals:4: shoals_end_simple, shoals_ilsuiw_ice
Snake:1:  portal_ice_cave_entry_pillars_2, minmay_shoptagon
Snake:3:  spider_trap, hangedman_snake_wide_pillar_pass, grunt_megastairs_1
Snake:4:  grunt_snake_rune_serpentine_throne, nicolae_snake_springs
Orc:1:    minmay_orc_temple_b
Orc:2:    st_orc_elflike
Vaults:1: vaults_standard_mumra_x, nicolae_vaults_yaktaur_gun_rack,
          ontoclasm_vaults_tryst, nicolae_vaults_network_square,
          vaults_room_grunt_arrival_ludios, nicolae_vaults_asterisk,
          ontoclasm_vaults_spin, v_misc_33, ontoclasm_vaults_ligature,
          nicolae_vaults_ring_of_whatevers, ontoclasm_vaults_fire_temple,
          v_alt_pattern_4, serial_ice_b, nicolae_vaults_little_ls,
          vaults_dpeg_encased_lava, vaults_room_pools, serial_shops, shop
Vaults:2: ontoclasm_vaults_pinch, nicolae_vaults_puzzle_piece, v_pattern_3,
          hangedman_vaults_restitches, st_diamondy,
          nicolae_vaults_bisected_exclaves, nicolae_vaults_rhombus_6
Vaults:3: vaults_room_grunt_arrival_checkpoint, grunt_vaults_trifunnel,
          grunt_vaults_hallway_short, v_misc_8, v_misc_28, v_alt_pattern_4,
          hangedman_vaults_impose, hangedman_vaults_stretched_pinwheel,
          nicolae_vaults_network_quinsquares, nicolae_vaults_little_squares_3,
          minmay_crypt_entry_simple_sparse, ontoclasm_vaults_bender,
          vaults_mumra_chevron
Vaults:4: ontoclasm_vaults_shuriken, vaults_mumra_hexcomb, v_misc_24,
          ontoclasm_vaults_ring_square, grunt_vaults_twisty,
          hangedman_vaults_stitches, vaults_dpeg_hooks, hangedman_vaults_trim,
          vaults_standard_mumra_enter_the_diamond,
          nicolae_vaults_little_squares_6, vaults_room_hallway, serial_shops,
          shop_fountains, nicolae_shop_behind_doors,
          nicolae_shop_temple_entry_statues_fountains, nicolae_shop_trees, shop
Depths:1: fountainhead, rand_demon_pan_entry_9, grunt_hell_entry_dis_grunt,
          hangedman_decor_clover_reticule, evilmike_butchery, minmay_shop_grove,
          grunt_megastairs_2
Depths:2: minmay_tile_spiral, hell_entry, minmay_holes,
          corexii_leaking_fountain, eino_small_chamber_without_monster,
          kennysheep_generic_room_5, minmay_staircase_bubble
Depths:3: evilmike_negative_zone, minmay_tree_intersection,
          grunt_mini_vestibule, pan_entry, st_stairs_5, minmay_misc_feat_room,
          minmay_gold_behind_fungi
Depths:4: minmay_the_grid_3x2, columned_hall_lemuel,
          abyss_entry_small_statue_room, serial_shops, nicolae_shop_stone,
          hell_entry, serial_bayou_shore_b, uniq_frederick, uniq_mara
Depths:5: evilmike_zot_entry_hall, enter_ziggurat_d, grunt_decor_cap,
          nicolae_abyss_entry_one_way_or_another, hell_entry,
          serial_bayou_shore_b
Zot:1:    st_large_dragon_hoard_1
Zot:2:    stair_cage_cross, grunt_ministairs_9
Zot:3:    lemuel_draconian_sentries, zot_minivault_3, lemuel_elevator
Zot:4:    gammafunk_sealed_arena, grunt_megastairs_4
Abyss:3:  evilmike_abyss_exit_chaos, hangedman_cross_veins,
          doesnt_abyss_rune_brain_food
Sewer:    sewer_minmay_w
IceCv:    ice_cave_caverns_01

Skill      XL: |  1  2  3  4  5  6  7  8  9 10 11 12 13 14 15 16 17 18 19 20 21 22 23 24 25 |
---------------+----------------------------------------------------------------------------+-----
Unarmed Combat | 3 4 5 6 7 8 10 11 12 14 15 16 17 18 19 20 21 | 21.0
Dodging        | 3 4 7 9 10 11 12 13 14 15 16 17 18 | 18.7
Fighting       | 3 4 5 6 7 9 10 12 13 14 15 16 17 18 19 20 21 22 | 22.0
Invocations    | 2 5 7 8 |  8.1
Armour         | 3 6 8 9 10 11 13 14 15 16 17 18 | 18.5
Shields        | 9 14 15 | 15.0
Throwing       | |  1.7

Action                   |  1- 3 |  4- 6 |  7- 9 | 10-12 | 13-15 | 16-18 | 19-21 | 22-24 | 25-27 || total
-------------------------+-------+-------+-------+-------+-------+-------+-------+-------+-------++-------
Melee: Unarmed           |   154 |   310 |   378 |   676 |  1463 |  1772 |  1736 |  1676 |   392 ||  8557
       Headbutt          |    15 |    55 |    96 |   195 |   495 |   685 |   776 |   714 |   177 ||  3208
       Punch             |       |    10 |    15 |    49 |    81 |       |       |       |       ||   155
Throw: Tomahawk          |       |       |       |   163 |    11 |       |       |       |     6 ||   180
       Javelin           |       |       |       |       |    92 |    13 |       |       |       ||   105
Invok: Heroism           |       |       |    10 |    19 |    24 |    12 |     8 |    25 |     5 ||   103
       Finesse           |       |       |       |     1 |     2 |     4 |       |     7 |     1 ||    15
 Abil: Hurl Damnation    |       |       |       |       |       |       |       |     3 |       ||     3
Evoke: Wand              |       |       |       |     3 |    12 |     3 |     8 |    10 |     4 ||    40
  Use: Scroll            |       |       |    12 |     6 |     9 |     7 |    16 |    14 |     4 ||    68
       Potion            |       |       |     2 |     5 |     3 |     4 |     3 |    10 |     7 ||    34
 Stab: Sleeping          |       |     1 |     7 |     1 |       |       |       |       |       ||     9
       Distracted        |       |       |       |       |       |     1 |       |     1 |       ||     2
       Confused          |       |       |       |       |       |       |     1 |     2 |       ||     3
  Eat: Chunk             |     2 |    13 |    15 |    19 |    28 |    12 |    25 |    16 |     7 ||   137
       Ration            |       |       |       |     4 |     3 |     6 |     2 |     3 |       ||    18
Armor: Ring mail         |    61 |   101 |    98 |       |       |       |       |       |       ||   260
       Leather armour    |     2 |       |       |       |       |       |       |       |       ||     2
       Scale mail        |       |       |     8 |   192 |       |       |       |       |       ||   200
       Chain mail        |       |       |       |    44 |   463 |   341 |   247 |   257 |       ||  1352
       Gold dragon scale |       |       |       |       |       |       |       |    43 |   140 ||   183
Dodge: Dodged            |   117 |   220 |   229 |   489 |  1125 |   754 |   617 |   891 |   254 ||  4696
Block: Shield            |       |       |       |       |   439 |  1980 |  1550 |  1610 |   439 ||  6018
       Reflection        |       |       |       |       |    16 |   217 |   117 |    44 |       ||   394

Table legend:
 A = Spawn XP
 B = Non-spawn XP
 C = Spawn XP percentage of total XP
 D = Spawn monster count
 E = Non-spawn monster count
 F = Spawn count percentage of total count
 G = Total turns spent on level
                    A         B        C        D         E        F      G
               +---------+---------+-------+---------+---------+-------+---------
         Total |    2441 | 1265891 |   0.2 |       4 |    2106 |   0.2 | 60028
               +---------+---------+-------+---------+---------+-------+---------
           D:1 |       0 |      59 |   0.0 |       0 |      33 |   0.0 |   966
           D:2 |       0 |      54 |   0.0 |       0 |      18 |   0.0 |  1111
           D:3 |       0 |     136 |   0.0 |       0 |      22 |   0.0 |  1321
           D:4 |       0 |     472 |   0.0 |       0 |      20 |   0.0 |  1761
           D:5 |       0 |    1079 |   0.0 |       0 |      28 |   0.0 |  1631
           D:6 |       0 |     899 |   0.0 |       0 |      27 |   0.0 |   743
           D:7 |       0 |    1821 |   0.0 |       0 |      17 |   0.0 |  1155
           D:8 |       0 |    2557 |   0.0 |       0 |      38 |   0.0 |  1298
           D:9 |       0 |    3366 |   0.0 |       0 |      29 |   0.0 |  1053
          D:10 |       0 |     951 |   0.0 |       0 |      12 |   0.0 |  1113
          D:11 |       0 |    4317 |   0.0 |       0 |      12 |   0.0 |   844
          D:12 |       0 |    5863 |   0.0 |       0 |      44 |   0.0 |  1131
          D:13 |       0 |   16997 |   0.0 |       0 |      42 |   0.0 |  1224
          D:14 |       0 |   12305 |   0.0 |       0 |      44 |   0.0 |   953
          D:15 |       0 |   27037 |   0.0 |       0 |      56 |   0.0 |  1426
        Lair:1 |       0 |    3899 |   0.0 |       0 |      23 |   0.0 |  1808
        Lair:2 |       0 |    6297 |   0.0 |       0 |      26 |   0.0 |  1806
        Lair:3 |       0 |    7651 |   0.0 |       0 |      39 |   0.0 |  1466
        Lair:4 |       0 |    9001 |   0.0 |       0 |      28 |   0.0 |  1367
        Lair:5 |       0 |    4118 |   0.0 |       0 |      14 |   0.0 |  1095
        Lair:6 |       0 |   16092 |   0.0 |       0 |      67 |   0.0 |  1426
      Shoals:1 |       0 |   17363 |   0.0 |       0 |      33 |   0.0 |   923
      Shoals:2 |       0 |    9172 |   0.0 |       0 |      16 |   0.0 |   619
      Shoals:3 |       0 |   18550 |   0.0 |       0 |      39 |   0.0 |   760
      Shoals:4 |       0 |   44625 |   0.0 |       0 |      79 |   0.0 |  1238
       Snake:1 |       0 |   14190 |   0.0 |       0 |      31 |   0.0 |   848
       Snake:2 |       0 |   14100 |   0.0 |       0 |      28 |   0.0 |  1237
       Snake:3 |       0 |   22152 |   0.0 |       0 |      49 |   0.0 |  1803
       Snake:4 |       0 |   69627 |   0.0 |       0 |     113 |   0.0 |  1837
         Orc:1 |       0 |    2467 |   0.0 |       0 |      38 |   0.0 |   564
         Orc:2 |       0 |   12547 |   0.0 |       0 |      53 |   0.0 |   857
      Vaults:1 |       0 |   55838 |   0.0 |       0 |      91 |   0.0 |  1720
      Vaults:2 |       0 |   47893 |   0.0 |       0 |      80 |   0.0 |  1616
      Vaults:3 |       0 |   40557 |   0.0 |       0 |      62 |   0.0 |  1960
      Vaults:4 |       0 |   89238 |   0.0 |       0 |     110 |   0.0 |  1918
      Vaults:5 |       0 |  106162 |   0.0 |       0 |      94 |   0.0 |  1303
      Depths:1 |       0 |   17923 |   0.0 |       0 |      28 |   0.0 |  1030
      Depths:2 |       0 |   90083 |   0.0 |       0 |      83 |   0.0 |  1441
      Depths:3 |       0 |   65712 |   0.0 |       0 |      68 |   0.0 |  2160
      Depths:4 |       0 |  107763 |   0.0 |       0 |      87 |   0.0 |  1678
      Depths:5 |       0 |   51603 |   0.0 |       0 |      38 |   0.0 |   817
         Zot:1 |       0 |   72907 |   0.0 |       0 |      40 |   0.0 |  1219
         Zot:2 |       0 |   62130 |   0.0 |       0 |      41 |   0.0 |   908
         Zot:3 |       0 |   40979 |   0.0 |       0 |      26 |   0.0 |  1574
         Zot:4 |       0 |   56211 |   0.0 |       0 |      30 |   0.0 |   735
       Abyss:3 |    2441 |     632 |  79.4 |       4 |       2 |  66.7 |   105
         Sewer |       0 |     390 |   0.0 |       0 |      48 |   0.0 |  1421
         IceCv |       0 |   10106 |   0.0 |       0 |      60 |   0.0 |   997
               +---------+---------+-------+---------+---------+-------+---------

Vault maps used:
D:1:      dpeg_cavernosity
D:3:      first_ration, uniq_ijyb
D:4:      kb_forest_paths, kennysheep_mini, minmay_temple_entry_overgrown,
          gup_sewer_entry_glass, uniq_eustachio
D:6:      cheibrodos_worm_habitat, nicolae_dithmenos_through_a_glass_darkly
D:7:      lemuel_crystal_altar
D:8:      enter_bailey_3, hangedman_pestilent_swarm, kennysheep_just_a_vault
D:9:      chequers_temple_overflow_statue_of_worship, serial_ice, serial_ice_g,
          serial_ice_e, serial_ice_f, serial_ice_k, tso_altar
D:10:     david_lair_shrubbed, lemuel_flame_loot_1
D:11:     hex_large, uniq_snorg
D:12:     erik_orc_4, minmay_protected_statue, uniq_erolcha
D:13:     minmay_connected_boxes_in_corner, kennysheep_minor_cross,
          lemuel_flamethrower_2, uniq_rupert
D:14:     david_vaults_2, nicolae_lava_and_water
D:15:     grunt_enter_depths_snipers, okawaru_ov_weapons_minmay
Temple:   eino_temple_scatter_basement
Lair:3:   minmay_snake_entry_six_corridors, lemuel_fruit_tree, uniq_harold
Lair:4:   elwin_shoals_entry_rocks, cheibrodos_lair_lostbears,
          minmay_lair_oklob_chamber
Lair:6:   hangedman_lair_tendril_chambers, minmay_slime_entry_jelly_boxes,
          uniq_nessos
Shoals:1: serial_shops, nicolae_shop_behind_doors
Shoals:3: nicolae_shoals_isolated_beach
Shoals:4: shoals_end_simple, shoals_ilsuiw_ice
Snake:1:  portal_ice_cave_entry_pillars_2, minmay_shoptagon
Snake:3:  spider_trap, hangedman_snake_wide_pillar_pass, grunt_megastairs_1
Snake:4:  grunt_snake_rune_serpentine_throne, nicolae_snake_springs
Orc:1:    minmay_orc_temple_b
Orc:2:    st_orc_elflike
Vaults:1: vaults_standard_mumra_x, nicolae_vaults_yaktaur_gun_rack,
          ontoclasm_vaults_tryst, nicolae_vaults_network_square,
          vaults_room_grunt_arrival_ludios, nicolae_vaults_asterisk,
          ontoclasm_vaults_spin, v_misc_33, ontoclasm_vaults_ligature,
          nicolae_vaults_ring_of_whatevers, ontoclasm_vaults_fire_temple,
          v_alt_pattern_4, serial_ice_b, nicolae_vaults_little_ls,
          vaults_dpeg_encased_lava, vaults_room_pools, serial_shops, shop
Vaults:2: ontoclasm_vaults_pinch, nicolae_vaults_puzzle_piece, v_pattern_3,
          hangedman_vaults_restitches, st_diamondy,
          nicolae_vaults_bisected_exclaves, nicolae_vaults_rhombus_6
Vaults:3: vaults_room_grunt_arrival_checkpoint, grunt_vaults_trifunnel,
          grunt_vaults_hallway_short, v_misc_8, v_misc_28, v_alt_pattern_4,
          hangedman_vaults_impose, hangedman_vaults_stretched_pinwheel,
          nicolae_vaults_network_quinsquares, nicolae_vaults_little_squares_3,
          minmay_crypt_entry_simple_sparse, ontoclasm_vaults_bender,
          vaults_mumra_chevron
Vaults:4: ontoclasm_vaults_shuriken, vaults_mumra_hexcomb, v_misc_24,
          ontoclasm_vaults_ring_square, grunt_vaults_twisty,
          hangedman_vaults_stitches, vaults_dpeg_hooks, hangedman_vaults_trim,
          vaults_standard_mumra_enter_the_diamond,
          nicolae_vaults_little_squares_6, vaults_room_hallway, serial_shops,
          shop_fountains, nicolae_shop_behind_doors,
          nicolae_shop_temple_entry_statues_fountains, nicolae_shop_trees, shop
Depths:1: fountainhead, rand_demon_pan_entry_9, grunt_hell_entry_dis_grunt,
          hangedman_decor_clover_reticule, evilmike_butchery, minmay_shop_grove,
          grunt_megastairs_2
Depths:2: minmay_tile_spiral, hell_entry, minmay_holes,
          corexii_leaking_fountain, eino_small_chamber_without_monster,
          kennysheep_generic_room_5, minmay_staircase_bubble
Depths:3: evilmike_negative_zone, minmay_tree_intersection,
          grunt_mini_vestibule, pan_entry, st_stairs_5, minmay_misc_feat_room,
          minmay_gold_behind_fungi
Depths:4: minmay_the_grid_3x2, columned_hall_lemuel,
          abyss_entry_small_statue_room, serial_shops, nicolae_shop_stone,
          hell_entry, serial_bayou_shore_b, uniq_frederick, uniq_mara
Depths:5: evilmike_zot_entry_hall, enter_ziggurat_d, grunt_decor_cap,
          nicolae_abyss_entry_one_way_or_another, hell_entry,
          serial_bayou_shore_b
Zot:1:    st_large_dragon_hoard_1
Zot:2:    stair_cage_cross, grunt_ministairs_9
Zot:3:    lemuel_draconian_sentries, zot_minivault_3, lemuel_elevator
Zot:4:    gammafunk_sealed_arena, grunt_megastairs_4
Abyss:3:  evilmike_abyss_exit_chaos, hangedman_cross_veins,
          doesnt_abyss_rune_brain_food
Sewer:    sewer_minmay_w
IceCv:    ice_cave_caverns_01

Table legend:
 A = Turns spent in this place as a percentage of turns spent in the entire game.
 B = Non-inter-level travel turns spent in this place as a percentage of non-inter-level travel turns spent in the entire game.
 C = Inter-level travel turns spent in this place as a percentage of turns spent in this place.
 D = Turns resting spent in this place as a percentage of non-inter-level travel turns spent in this place.
 E = Turns spent auto-exploring this place as a percentage of non-inter-level travel turns spent in this place.
 F = Non-inter-level travel turns spent in this place divided by the number of levels of this place that you've seen.
                   A       B       C       D       E      F
               +-------+-------+-------+-------+-------+----------------------
         Total | 100.0 | 100.0 |   5.8 |  21.4 |  51.1 | 1153.5
       Dungeon |  29.5 |  28.9 |   7.8 |  21.9 |  57.3 | 1089.9
        Temple |   0.1 |   0.1 |  23.8 |   0.0 |  87.5 |  32.0
          Lair |  14.9 |  15.0 |   5.7 |  28.9 |  52.7 | 1409.7
        Shoals |   5.9 |   6.0 |   3.9 |  18.9 |  38.3 | 850.2
     Snake Pit |   9.5 |   9.8 |   2.8 |  23.2 |  45.4 | 1391.0
  Orcish Mines |   2.4 |   2.4 |   4.9 |   4.7 |  65.4 | 675.5
        Vaults |  14.2 |  14.0 |   7.3 |  12.3 |  54.8 | 1578.6
        Depths |  11.9 |  11.8 |   6.8 |  17.1 |  48.7 | 1328.6
           Zot |   7.4 |   7.6 |   2.9 |  20.7 |  49.9 | 1076.5
         Abyss |   0.2 |   0.2 |   0.0 |   0.0 |   0.0 | 105.0
         Sewer |   2.4 |   2.5 |   0.0 |  60.7 |  12.1 | 1421.0
      Ice Cave |   1.7 |   1.8 |   0.0 |  21.7 |  43.5 | 997.0
               +-------+-------+-------+-------+-------+----------------------

Table legend:
 A = Kills in this place as a percentage of kills in entire the game.
 B = Kills by you in this place as a percentage of kills by you in the entire game.
 C = Kills by friends in this place as a percentage of kills by friends in the entire game.
 D = Other kills in this place as a percentage of other kills in the entire game.
 E = Experience gained in this place as a percentage of experience gained in the entire game.
 F = Experience gained in this place divided by the number of levels of this place that you have seen.
                   A       B       C       D       E      F
               +-------+-------+-------+-------+-------+----------------------
         Total | 100.0 | 100.0 |   N/A | 100.0 | 100.0 | 25884.3
       Dungeon |  20.9 |  21.2 |   N/A |   3.1 |   6.1 | 5194.2
          Lair |   9.3 |   9.5 |   N/A |   0.0 |   3.7 | 7843.0
        Shoals |   7.9 |   7.7 |   N/A |  21.9 |   7.1 | 22427.5
     Snake Pit |  10.5 |  10.5 |   N/A |   9.4 |   9.5 | 30017.2
  Orcish Mines |   4.3 |   4.4 |   N/A |   0.0 |   1.2 | 7507.0
        Vaults |  20.7 |  20.1 |   N/A |  62.5 |  26.8 | 67937.6
        Depths |  14.4 |  14.6 |   N/A |   3.1 |  26.3 | 66616.8
           Zot |   6.5 |   6.6 |   N/A |   0.0 |  18.3 | 58056.8
         Abyss |   0.3 |   0.3 |   N/A |   0.0 |   0.2 | 3073.0
         Sewer |   2.3 |   2.3 |   N/A |   0.0 |   0.0 | 390.0
      Ice Cave |   2.8 |   2.9 |   N/A |   0.0 |   0.8 | 10106.0
               +-------+-------+-------+-------+-------+----------------------
